 Dungeon Crawl Stone Soup version 0.31-a0-968-g24f9ace8b5 (webtiles) character file.

Game seed: 11497113821880155477

11602 jasper the Jinx (level 11, -6/64 HPs)
             Began as a Deep Elf Conjurer on Oct 27, 2023.
             Was a Priest of Vehumet.
             Mangled by a skeletal warrior
             ... wielding a +2 heavy scimitar
              (18 damage)
             ... on level 10 of the Dungeon.
             The game lasted 00:22:05 (12932 turns).

jasper the Jinx (Deep Elf Conjurer)                Turns: 12932, Time: 00:22:05

Health: -6/64      AC: 12    Str:  4    XL:     11   Next: 51%
Magic:  19/26      EV: 16    Int: 28    God:    Vehumet [***...]
Gold:   674        SH:  0    Dex: 13    Spells: 0/29 levels left

rFire   . . .        o - +4 trident
rCold   . . .        m - orb {*channel}
rNeg    . . .        B - +0 steam dragon scales
rPois   .            f - +1 helmet
rElec   .            j - +0 cloak
rCorr   .            (no gloves)
SInv    .            (no boots)
Will    +....        x - amulet of regeneration
Stlth   ++           D - +4 ring of protection
HPRegen 1.10/turn    (no ring)
MPRegen 0.20/turn

%: channel magic (20%)
@: very slightly contaminated
A: no striking features
a: Renounce Religion


You were on level 10 of the Dungeon.
You worshipped Vehumet.
Vehumet was most pleased with you.
You visited 2 branches of the dungeon, and saw 12 of its levels.

You collected 1572 gold pieces.
You spent 898 gold pieces at shops.

Inventory:

Hand Weapons
 b - a +4 dagger
 o - a +4 trident (weapon)
 t - a +2 heavy spear
 M - a +4 scimitar of flaming
Missiles
 d - 24 poisoned darts
 e - a throwing net
Armour
 a - a +0 robe
 f - a +1 helmet (worn)
 j - a +0 cloak (worn)
 m - an orb of energy (worn)
 z - a +0 cloak
 B - +0 steam dragon scales (worn)
Jewellery
 s - a ring of ice
 x - an amulet of regeneration (around neck)
 D - a +4 ring of protection (left hand)
Talismans
 g - a serpent talisman
Wands
 p - a wand of paralysis (24)
 q - a wand of flame (20)
 F - a wand of iceblast (9)
 K - a wand of polymorph (4)
Scrolls
 k - 3 scrolls of amnesia
 y - a scroll of fear
 A - 4 scrolls of teleportation
 C - a scroll of brand weapon {unknown}
 E - 2 scrolls of blinking
 G - a scroll of vulnerability {unknown}
 H - a scroll of fog {unknown}
 J - 2 scrolls of poison
Potions
 c - 3 potions of invisibility
 h - a potion of lignification
 i - a potion of brilliance
 l - 5 potions of curing {unknown}
 n - a potion of berserk rage {unknown}
 r - 3 potions of might {unknown}
 u - 4 potions of heal wounds
 v - a potion of mutation {unknown}
 w - a potion of enlightenment {unknown}
 I - a potion of haste {unknown}
 L - a potion of resistance {unknown}


   Skills:
 + Level 6.1 Fighting
 + Level 9.2 Dodging
 - Level 2.4 Stealth
 + Level 9.8 Spellcasting
 - Level 10.0 Conjurations
 * Level 12.2 Hexes
 - Level 4.0 Translocations
 - Level 3.0 Transmutations
 + Level 1.2 Air Magic


You couldn't memorise any spells.
You knew the following spells:

 Your Spells              Type           Power      Damage    Failure   Level
a - Magic Dart            Conj           100%       1d8       1%          1
b - Searing Ray           Conj           100%       2d8       1%          2
c - Fulminant Prism       Conj/Hex       33%        3d15      1%          4
d - Iskenderun's Mystic   Conj/Tloc      52%        2d11      2%          4
e - Mephitic Cloud        Conj/Pois/Air  34%        N/A       2%          3
f - Yara's Violent Unrav  Hex/Tmut       27%        3d12      4%          5
g - Enfeeble              Hex            35%        N/A       43%         7
h - Swiftness             Air            20%        N/A       21%         3

Your spell library contained the following spells:

 Spells                   Type           Power      Damage    Failure   Level
 Flame Wave               Conj/Fire      41%        2d11      4%          4
 Shock                    Conj/Air       100%       1d9       1%          1
 Static Discharge         Conj/Air       90%        3-7/arc   1%          2
 Dazzling Flash           Conj/Hex       100%       N/A       1%          3
 Hailstorm                Conj/Ice       41%        3d10      1%          3
 Cause Fear               Hex            35%        N/A       2%          4
 Lesser Beckoning         Tloc           72%        N/A       6%          2
 Wereblood                Tmut           30%        N/A       8%          2
 Gell's Gravitas          Tloc           36%        N/A       9%          3
 Teleport Other           Tloc           36%        N/A       9%          3
 Passwall                 Tmut/Erth      18%        N/A       11%         2
 Anguish                  Hex/Necr       23%        N/A       11%         4
 Airstrike                Air            10%        2d(2-18)  13%         4
 Call Imp                 Summ           26%        N/A       17%         2
 Sublimation of Blood     Necr           13%        N/A       17%         2
 Summon Lightning Spire   Summ/Air       17%        N/A       54%         4
 Summon Ice Beast         Ice/Summ       13%        N/A       61%         4
 Alistair's Intoxication  Tmut/Pois      14%        N/A       73%         5
 Eringya's Noxious Bog    Tmut/Pois      11%        4d6       75%         6
 Simulacrum               Ice/Necr       6%         N/A       100%        6
 Summon Hydra             Summ           6%         N/A       100%        7


Dungeon Overview and Level Annotations

Branches:
Dungeon (11/15)            Temple (1/1) D:4            Lair (0/5) D:11
    Orc (0/2) D:11

Altars:
Ashenzari
Cheibriados
Dithmenos
Elyvilon
Fedhas
Gozag
Hepliaklqana
Kikubaaqudgha
Makhleb
Nemelex Xobeh
Okawaru
Qazlal
Ru
Sif Muna
Trog
Uskayaw
Vehumet
Wu Jian
Xom
Yredelemnul
Zin
The Shining One

Shops:
D:7 *   D:10 =


Message History

The mystic blast hits the skeletal warrior.
The skeletal warrior is lightly damaged.
The skeletal warrior is knocked back by the mystic blast.
The skeletal warrior slams into the rock wall!
The skeletal warrior is lightly damaged.
The mystic blast hits the skeletal warrior.
The skeletal warrior is lightly damaged.
The skeletal warrior is knocked back by the mystic blast.
You now have 22/26 mp.
Casting: Iskenderun's Mystic Blast (dangerous; 2% risk of failure)
Confirm with . or Enter, or press ? or * to list all spells.
You erupt in a blast of force!
The mystic blast hits the skeletal warrior but does no damage.
The skeletal warrior is lightly damaged.
The skeletal warrior hits you with a +0 battleaxe!
* * * LOW HITPOINT WARNING * * *
You take 10 damage, and have 14/64 hp.
You now have 18/26 mp.
Casting: Iskenderun's Mystic Blast (dangerous; 2% risk of failure)
Confirm with . or Enter, or press ? or * to list all spells.
You erupt in a blast of force!
The mystic blast hits the skeletal warrior.
The skeletal warrior is lightly damaged.
The skeletal warrior is knocked back by the mystic blast.
The skeletal warrior collides with the skeletal warrior!
The skeletal warrior is lightly damaged.
Magical energy flows into your mind!
Casting: Iskenderun's Mystic Blast (dangerous; 2% risk of failure)
Confirm with . or Enter, or press ? or * to list all spells.
You miscast Iskenderun's Mystic Blast.
You are very lightly contaminated with residual magic.
Nothing appears to happen.
Magical energy flows into your mind!
The skeletal warrior hits you with a +0 battleaxe!
* * * LOW HITPOINT WARNING * * *
You take 7 damage, and have 10/64 hp.
Casting: Iskenderun's Mystic Blast (dangerous; 2% risk of failure)
Confirm with . or Enter, or press ? or * to list all spells.
You miscast Iskenderun's Mystic Blast.
Nothing appears to happen.
Magical energy flows into your mind!
The skeletal warrior hits you with a +2 heavy scimitar!!
You die...

###########.###......######
#.#
..........................#
#.#
##########.####......####.#
#.# .............##......#
#.# #.#
##########.#.######### #.#
#.# ...........#.# #.# #.#
############.# #.# #.#
############.############.#
#.#
.............>.z@.........#
#.#
..#####........z...########
#.# ..# #..............#
#.# ..#
#............#.########.#
..#
#............#..........#
..#
#.....#'#################
#.#####.....#.#
#.....#.....#.#
####........#.#


You could see 2 skeletal warriors.

Vanquished Creatures
  A two-headed ogre (D:11)
  Erica (D:11)
  An ugly thing (D:11)
  2 cyclopes
  Maurice (D:8)
  2 trolls
  A hornet (D:6)
  A shadow (D:9)
  A wraith (D:10)
  3 steam dragons
  A redback (D:11)
  10 yaks
  6 vampire mosquitoes
  Duvessa (D:6)
  An acid dragon (D:10)
  6 water moccasins
  3 ice beasts
  2 sky beasts
  3 orc warriors
  4 black bears
  6 centaurs
  2 kobold brigands
  6 bullfrogs
  4 scorpions
  Dowan (D:6)
  8 wights
  11 killer bees (D:9)
  3 howler monkeys
  4 electric eels (D:10)
  5 jellies
  A gnoll bouda (D:6)
  2 hounds (D:5)
  5 orc priests
  Crazy Yiuf (D:7)
  6 iguanas
  5 orc wizards
  Robin (D:4)
  6 gnolls
  13 adders
  4 shadow imps
  A white imp (D:5)
  A worm (D:2)
  A dart slug (D:4)
  19 orcs
  7 ball pythons
  5 bats
  7 endoplasms
  3 giant cockroaches
  10 goblins
  6 hobgoblins
  3 jackals (D:2)
  14 kobolds
  A quokka (D:2)
  4 frilled lizards
  6 rats
233 creatures vanquished.

Vanquished Creatures (others)
  48 fulminant prisms
48 creatures vanquished.

Grand Total: 281 creatures vanquished

Notes
Turn   | Place    | Note
-------+----------+-------------------------------------------
     0 | D:1      | jasper the Deep Elf Conjurer began the quest for the Orb.
     0 | D:1      | Reached XP level 1. HP: 10/10 MP: 6/6
   278 | D:1      | Reached XP level 2. HP: 15/15 MP: 5/8
   281 | D:1      | Learned a level 2 spell: Searing Ray
   383 | D:1      | Reached skill level 5 in Conjurations
   417 | D:1      | Found a faded altar of an unknown god.
  1307 | D:2      | Reached XP level 3. HP: 19/19 MP: 3/9
  1741 | D:2      | Identified a scroll of acquirement
  1741 | D:2      | Acquired 701 gold pieces
  1974 | D:3      | Reached XP level 4. HP: 24/24 MP: 4/10
  2030 | D:3      | Learned a level 4 spell: Fulminant Prism
  2595 | D:3      | Found an opulent altar of Gozag.
  2830 | D:4      | Reached skill level 1 in Hexes
  2849 | D:4      | Noticed Robin
  2861 | D:4      | Killed Robin
  2862 | D:4      | Reached XP level 5. HP: 28/28 MP: 3/12
  2976 | D:4      | Learned a level 4 spell: Iskenderun's Mystic Blast
  3034 | D:4      | Reached skill level 2 in Hexes
  3096 | D:4      | Found a staircase to the Ecumenical Temple.
  3106 | Temple   | Entered the Ecumenical Temple
  3130 | Temple   | Became a worshipper of Vehumet
  3513 | D:4      | Noticed a centaur
  3527 | D:4      | Killed a centaur
  3528 | D:4      | Reached skill level 3 in Hexes
  3533 | D:4      | Reached XP level 6. HP: 12/32 MP: 0/14
  4186 | D:5      | Entered Level 5 of the Dungeon
  4253 | D:5      | Noticed an ice beast
  4258 | D:5      | Killed an ice beast
  4259 | D:5      | Reached skill level 5 in Spellcasting
  4263 | D:5      | Learned a level 3 spell: Mephitic Cloud
  4401 | D:5      | Found a hide-covered altar of Uskayaw.
  4587 | D:5      | Reached skill level 4 in Hexes
  4662 | D:5      | Noticed a water moccasin
  4668 | D:5      | Killed a water moccasin
  4669 | D:5      | Reached XP level 7. HP: 30/36 MP: 9/17
  4763 | D:5      | Reached skill level 5 in Hexes
  5249 | D:5      | Reached skill level 6 in Hexes
  5472 | D:6      | Identified the "Qiebbifiave"
  5472 | D:6      | Noticed Duvessa
  5472 | D:6      | Noticed Dowan
  5656 | D:6      | Noticed a steam dragon
  5663 | D:5      | Reached XP level 8. HP: 33/41 MP: 13/18
  5751 | D:5      | Reached * piety under Vehumet
  5751 | D:5      | Offered knowledge of Kiss of Death by Vehumet.
  5752 | D:5      | Reached skill level 7 in Hexes
  5994 | D:6      | Noticed a troll
  6012 | D:6      | Killed a troll
  6013 | D:6      | Reached skill level 8 in Hexes
  6013 | D:6      | Reached skill level 1 in Translocations
  6242 | D:6      | Reached skill level 10 in Conjurations
  6289 | D:6      | Noticed a hornet
  6295 | D:6      | Paralysed by a hornet for 2 turns
  6297 | D:6      | Killed a hornet
  6298 | D:6      | Reached skill level 1 in Fighting
  6298 | D:6      | Reached XP level 9. HP: 19/47 MP: 9/20
  6861 | D:6      | Killed Duvessa
  6864 | D:6      | Killed Dowan
  6877 | D:6      | Learned a level 5 spell: Yara's Violent Unravelling
  7367 | D:7      | Reached skill level 5 in Dodging
  7816 | D:7      | Found an iron altar of Okawaru.
  7822 | D:7      | Reached ** piety under Vehumet
  7822 | D:7      | Offered knowledge of Shock by Vehumet.
  8189 | D:7      | Found Micy's Assorted Antiques.
  8197 | D:7      | Bought a lumpy inky potion for 22 gold pieces
  8197 | D:7      | Bought a lumpy inky potion for 22 gold pieces
  8197 | D:7      | Bought 2 potions of heal wounds for 250 gold pieces
  8197 | D:7      | Bought a scroll labelled NEALEM GAMU for 25 gold pieces
  8197 | D:7      | Bought a scroll of teleportation for 75 gold pieces
  8411 | D:7      | Found a runed translucent door.
  8412 | D:7      | Noticed Crazy Yiuf
  8484 | D:7      | Killed Crazy Yiuf
  8651 | D:8      | Reached XP level 10. HP: 37/56 MP: 16/24
  8659 | D:8      | Learned a level 7 spell: Enfeeble
  8659 | D:8      | Noticed Maurice
  8913 | D:8      | Killed Maurice
  9338 | D:8      | Found a glowing golden altar of the Shining One.
  9472 | D:8      | Noticed a cyclops
  9522 | D:8      | Killed a cyclops
  9523 | D:8      | Reached skill level 1 in Transmutations
  9730 | D:9      | Offered knowledge of Scorch by Vehumet.
  9731 | D:9      | Reached skill level 9 in Hexes
 10016 | D:9      | Reached *** piety under Vehumet
 10181 | D:9      | Reached skill level 5 in Fighting
 10252 | D:9      | Found a blossoming altar of Fedhas.
 10303 | D:9      | Found a basalt altar of Yredelemnul.
 10572 | D:10     | Entered Level 10 of the Dungeon
 10690 | D:10     | Found Nufiy's Jewellery Emporium.
 10696 | D:10     | Bought a +4 ring of protection for 504 gold pieces
 10971 | D:10     | Reached skill level 10 in Hexes
 11200 | D:10     | Offered knowledge of Flame Wave by Vehumet.
 11271 | D:10     | Found a hazy altar of Hepliaklqana.
 11430 | D:10     | Reached XP level 11. HP: 64/64 MP: 22/26
 11979 | D:11     | Reached skill level 11 in Hexes
 12001 | D:11     | Noticed a white ugly thing
 12008 | D:11     | Killed a white ugly thing
 12193 | D:11     | Learned a level 3 spell: Swiftness
 12243 | D:11     | Noticed a skeletal warrior
 12391 | D:11     | Noticed a two-headed ogre
 12400 | D:11     | Killed a two-headed ogre
 12401 | D:11     | Reached skill level 12 in Hexes
 12579 | D:11     | Found a staircase to the Orcish Mines.
 12681 | D:11     | Found a staircase to the Lair.
 12729 | D:11     | Noticed Erica
 12739 | D:11     | Killed Erica
 12740 | D:11     | Reached skill level 1 in Air Magic
 12753 | D:11     | Noticed a skeletal warrior
 12754 | D:11     | Noticed a skeletal warrior
 12758 | D:11     | Paralysed by a yaktaur for 2 turns
 12932 | D:10     | Mangled by a skeletal warrior

Illustrated notes

Levels and vault maps discovered:
D:1:      dpeg_arrival_simpleton_c, layout_loops_ring,
          shapermc_ecumenical_altar_pompeii, minmay_indecisive_spiral
D:2:      layout_loops_ring, minmay_tetromino_t4
D:3:      layout_loops_cross, nicolae_gozag_cash_rules_everything_around_me,
          grunt_ministairs_13, eino_tiny_chamber
D:4:      layout_loops_ring, minmay_temple_entry_grid, serial_forest,
          infiniplex_forest_fountain, infiniplex_forest_join,
          infiniplex_forest_side_room, infiniplex_forest_lined_2,
          infiniplex_forest_lined_4_way, infiniplex_forest_clump_double,
          uniq_robin
D:5:      layout_gridville, kennysheep_little_box, kb_lookout_dungeons_type,
          nicolae_twisty_statue_hallways
D:6:      layout_rooms, grunt_ministairs_8, uniq_duvessa
D:7:      layout_loops_corners, okawaru_ov_weapons_minmay, serial_shops,
          nicolae_shop_overgrown_old_shop, uniq_crazy_yiuf_cottage
D:8:      layout_gridville, nicolae_tso_swordbearing_angel, uniq_maurice
D:9:      layout_basic, fedhas_altar_3, kennysheep_mini,
          david_defended_altar_orc
D:10:     layout_basic, mainiacjoe_overflow_cross_hatched, serial_shops, shop
D:11:     minmay_curly_fans, layout_stronghold, due_lair_maze_entry_diamond,
          serial_shops, nicolae_shop_stone, uniq_erica
Temple:   eino_wide_crystal_templ

Skill      XL: |  1  2  3  4  5  6  7  8  9 10 11 |
---------------+----------------------------------+-----
Conjurations   | 5 6 7 8 10 | 10.0
Hexes          | 1 3 4 6 8 10 12 | 12.2
Spellcasting   | 4 5 6 8 9 |  9.8
Translocations | 4 |  4.0
Fighting       | 1 4 5 6 |  6.1
Dodging        | 3 6 8 9 |  9.2
Transmutations | 3 |  3.0
Air Magic      | 1 |  1.2
Stealth        | |  2.4

Action                     |  1- 3 |  4- 6 |  7- 9 | 10-12 || total
---------------------------+-------+-------+-------+-------++-------
  Melee: Unarmed           |     2 |       |       |       ||     2
         Trident           |       |       |     1 |    20 ||    21
   Cast: Magic Dart        |    64 |    71 |    62 |    32 ||   229
         Searing Ray       |     2 |    10 |    54 |    27 ||    93
         Fulminant Prism   |       |     1 |    11 |    36 ||    48
         Iskenderun's Myst |       |       |    11 |    40 ||    51
         Mephitic Cloud    |       |       |       |     1 ||     1
  Evoke: Wand              |       |       |       |     4 ||     4
    Use: Potion            |     1 |       |     3 |       ||     4
         Scroll            |     8 |     1 |     5 |       ||    14
 Armour: Robe              |     3 |    13 |    57 |     2 ||    75
         Skin              |       |       |    41 |       ||    41
         Steam dragon scal |       |       |       |    60 ||    60
  Dodge: Dodged            |     6 |    18 |    59 |    66 ||   149

Table legend: (Time is in decaauts)
 A = Elapsed time spent in this place.
 B = Non-inter-level travel time spent in this place.
 C = Inter-level travel time spent in this place.
 D = Time resting spent in this place.
 E = Time spent auto-exploring this place.
 F = Levels seen in this place.
 G = Mean time per level.
                   A        B        C        D        E       F      G
               +--------+--------+--------+--------+--------+-----+--------+
         Total |  12947 |  12558 |    389 |   2085 |   9007 |  12 | 1078.9 |
       Dungeon |  12898 |  12555 |    343 |   2085 |   9007 |  11 | 1172.5 |
        Temple |     48 |      2 |     46 |      0 |      0 |   1 |   48.0 |
               +--------+--------+--------+--------+--------+-----+--------+

Top non-repeatable levels by time:
     D:5: 1815 daAuts
     D:7: 1638 daAuts
    D:10: 1488 daAuts
     D:4: 1370 daAuts
     D:6: 1202 daAuts
     D:3: 1003 daAuts
     D:9: 977 daAuts
     D:1: 957 daAuts
    D:11: 881 daAuts
     D:2: 804 daAuts
     D:8: 758 daAuts
  Temple: 48 daAuts
